 Dungeon Crawl Stone Soup version 0.28.0 (webtiles) character file.

Game seed: 12013154187143587441

100 pkoi the Chiller (level 4, -2/33 HPs)
             Began as a Draconian Ice Elementalist on Feb 17, 2022.
             Slain by a gnoll (4 damage)
             ... on level 2 of the Dungeon.
             The game lasted 00:05:12 (3832 turns).

pkoi the Chiller (Draconian Ice Elementalist)       Turns: 3832, Time: 00:05:13

Health: -2/33      AC:  6    Str: 10    XL:     4   Next: 46%
Magic:  7/7        EV: 12    Int: 18    God:
Gold:   94         SH:  0    Dex: 11    Spells: 3/7 levels left

rFire   . . .      SeeInvis .   b - +0 short sword
rCold   . . .      Faith    .   (no shield)
rNeg    . . .      Spirit   .   (armour unavailable)
rPois   .          Reflect  .   (helmet restricted)
rElec   .          Harm     .   (no cloak)
rCorr   .          Rampage  .   (no gloves)
Will    .....                   h - +0 pair of boots
Stlth   ++........              (no amulet)
HPRegen 0.11/turn               (no ring)
MPRegen 0.10/turn               (no ring)

@: slowed, very slow
A: AC +5, unfitting armour, cold-blooded
a: no special abilities


You were on level 2 of the Dungeon.
You visited 1 branch of the dungeon, and saw 3 of its levels.

You collected 94 gold pieces.

Inventory:

Hand Weapons
 b - a +0 short sword (weapon)
Missiles
 g - a throwing net
Armour
 h - a +0 pair of boots (worn)
Scrolls
 e - a scroll of fear
 f - a scroll of amnesia
Potions
 a - a potion of haste
 c - 2 potions of attraction {unknown}
 d - a potion of magic {unknown}


   Skills:
 - Level 1.7 Dodging
 - Level 1.7 Stealth
 - Level 2.0 Spellcasting
 * Level 6.0 Ice Magic


You had 3 spell levels left.
You knew the following spells:

 Your Spells              Type           Power      Damage    Failure   Level
a - Freeze                Ice            92%        1d10      1%          1
b - Frozen Ramparts       Ice            46%        1d6       4%          3

Your spell library contained the following spells:

 Spells                   Type           Power      Damage    Failure   Level
 Ozocubu's Armour         Ice            23%        N/A       4%          3
 Hailstorm                Conj/Ice       12%        3d5       45%         4
 Ozocubu's Refrigeration  Ice            11%        4d7       100%        7


Dungeon Overview and Level Annotations

Branches:
Dungeon (3/15)

Altars:

Annotations:
D:1 Sigmund


Innate Abilities, Weirdness & Mutations

Your plain brown scales are hard. (AC +5)
You cannot fit into any form of body armour.
You are cold-blooded and may be slowed by cold attacks.


Message History

You are frozen.
* * * LOW HITPOINT WARNING * * *
You feel yourself slow down. The gnoll closely misses you.
There is a stone staircase leading up, spattered with blood here.
The endoplasm freezes you.
You are frozen.
* * * LOW HITPOINT WARNING * * *
You feel as though you will be slow longer.
The gnoll hits you but does no damage.
You climb upwards.
There is a stone staircase leading down here.
The gnoll barely misses you.
The endoplasm hits you but does no damage.
The gnoll hits you with a +0 halberd.
* * * LOW HITPOINT WARNING * * *
The gnoll closely misses you. The endoplasm freezes you.
You are frozen.
* * * LOW HITPOINT WARNING * * *
You feel as though you will be slow longer.
You see here a +0 spear.
The gnoll hits you from afar with a +0 halberd.
* * * LOW HITPOINT WARNING * * *
You see here a +0 whip.
The endoplasm jiggles.
The endoplasm freezes you.
You are frozen.
* * * LOW HITPOINT WARNING * * *
You feel as though you will be slow longer.
The gnoll barely misses you.
There is an open door here.
The endoplasm hits you.
* * * LOW HITPOINT WARNING * * *
The gnoll hits you from afar with a +0 halberd.
* * * LOW HITPOINT WARNING * * *
The endoplasm hits you but does no damage.
The gnoll barely misses you.
The endoplasm hits you but does no damage.
The gnoll hits you from afar with a +0 halberd.
You die...

##..#.##.### #.#..####
###.#....#.#######.#..#
# #.............<#....#
####.).......#######.##
##............##...#.#
...#........####..##.#
...#........# #.....#
...#........# #.#####
...#...#########@####
...#...# #...gJ....#
.....>.####.........#
####...)).'.........#
#....####.........#
###...## ###########
......# ....#.# ....'.#


You could see a gnoll and an endoplasm.

Vanquished Creatures
  2 gnolls (D:2)
  An adder (D:2)
  A dart slug (D:1)
  An orc (D:1)
  7 endoplasms
  2 giant cockroaches
  7 goblins
  4 hobgoblins
  3 jackals (D:1)
  5 quokkas
  8 ball pythons
  6 bats
  5 frilled lizards
  7 kobolds
  4 rats
63 creatures vanquished.

Notes
Turn   | Place    | Note
-------+----------+-------------------------------------------
     0 | D:1      | pkoi the Draconian Ice Elementalist began the quest for the
                  | Orb.
     0 | D:1      | Reached XP level 1. HP: 14/14 MP: 3/3
   305 | D:1      | Reached XP level 2. HP: 20/20 MP: 3/5
   500 | D:1      | You fall into a shaft and drop 1 floor!
   633 | D:1      | Reached skill level 5 in Ice Magic
   718 | D:1      | Reached XP level 3. HP: 26/26 MP: 6/6
  1372 | D:2      | Noticed Sigmund
  2131 | D:2      | Learned a level 3 spell: Frozen Ramparts
  2175 | D:2      | Reached XP level 4. HP: 33/33 MP: 7/7
  2198 | D:2      | Found a faded altar of an unknown god.
  3536 | D:2      | Reached skill level 6 in Ice Magic
  3828 | D:2      | HP: 1/33 [gnoll (1)]
  3832 | D:2      | Slain by a gnoll

Illustrated notes

Levels and vault maps discovered:
D:1:      dpeg_arrival_stone_temple_mockup, layout_basic
D:2:      layout_basic, basic_ecumenical_altar, minmay_tall_x, uniq_sigmund
D:3:      layout_basic

Skill      XL: |  1  2  3  4 |
---------------+-------------+-----
Ice Magic      | 5 6 |  6.0
Dodging        | |  1.7
Stealth        | |  1.7
Spellcasting   | |  2.0

Action                   |  1- 3 |  4- 6 || total
-------------------------+-------+-------++-------
Melee: Short sword       |    47 |    44 ||    91
       Tailslap          |     5 |     8 ||    13
       Punch             |       |     1 ||     1
 Cast: Freeze            |    42 |     6 ||    48
       Frozen Ramparts   |       |     5 ||     5
  Use: Scroll            |     5 |     1 ||     6
 Stab: Sleeping          |     5 |     1 ||     6
Armor: Skin              |    33 |    43 ||    76
Dodge: Dodged            |    57 |    58 ||   115
